 Dungeon Crawl Stone Soup version 0.26-a0-682-g294304f6e8 (webtiles) character file.

Game seed: 15996747264024343369

3567 Decritt the Cleaver (level 9, -10/82 HPs)
             Began as a Minotaur Fighter on Oct 21, 2020.
             Was a Follower of Okawaru.
             Killed from afar by an electric eel (13 damage)
             ... with a bolt of electricity
             ... on level 8 of the Dungeon.
             The game lasted 00:22:15 (9437 turns).

Decritt the Cleaver (Minotaur Fighter)              Turns: 9437, Time: 00:22:16

Health: -10/82     AC: 16    Str: 24    XL:     9   Next: 84%
Magic:  6/8        EV: 10    Int:  5    God:    Okawaru [*.....]
Gold:   509        SH: 15    Dex: 14    Spells: 8/8 levels left

rFire    . . .     SeeInvis +   a - +0 war axe
rCold    x . .     Faith    .   c - +1 kite shield
rNeg     . . .     Spirit   .   H - +0 plate armour
rPois    +         Reflect  .   (helmet restricted)
rElec    .         Harm     .   (no cloak)
rCorr    .         Rampage  .   (no gloves)
MR       .....                  (no boots)
Stlth    ..........             (no amulet)
HPRegen  0.23/turn              i - ring of poison resistance
MPRegen  0.11/turn              E - ring "Naock" {rC- Dex+4 SInv Stlth+}

@: heroism
A: retaliatory headbutt, horns 2
a: Heroism, Renounce Religion


You were on level 8 of the Dungeon.
You worshipped Okawaru.
Okawaru was aware of your devotion.
You visited 2 branches of the dungeon, and saw 9 of its levels.

You collected 509 gold pieces.

Inventory:

Hand Weapons
 a - a +0 war axe (weapon)
Armour
 c - a +1 kite shield (worn)
 H - a +0 plate armour (worn)
Jewellery
 i - a ring of poison resistance (left hand)
 l - a +6 ring of intelligence
 E - the ring "Naock" (right hand) {rC- Dex+4 SInv Stlth+}
   (You found it on level 6 of the Dungeon)

   [ring of stealth]

   It affects your dexterity (+4).
   It makes you vulnerable to cold.
   It lets you see invisible.
   It makes you more stealthy.
Scrolls
 e - 2 scrolls of teleportation
 f - 7 scrolls of remove curse
 g - 3 scrolls of enchant armour
 h - 2 scrolls of enchant weapon {unknown}
 n - a scroll of immolation {unknown}
 v - 3 scrolls of magic mapping
 C - a scroll of fog {unknown}
 D - a scroll of torment {unknown}
 F - a scroll of silence {unknown}
 J - a scroll of blinking
Potions
 b - a potion of mutation {unknown}
 d - a potion of might
 j - a potion of curing {unknown}
 p - 3 potions of berserk rage
 s - 3 potions of flight
 u - 2 potions of haste
 z - a potion of invisibility {unknown}
 A - 2 potions of resistance


   Skills:
 + Level 8.4(13.4) Fighting
 * Level 10.8(15.8) Axes
 + Level 8.4(13.4) Armour
 + Level 8.5(13.5) Shields


You had 8 spell levels left.
You didn't know any spells.
Your spell library contained the following spells:

 Spells                   Type           Power        Failure   Level
 Confusing Touch          Hex            #.......     100%        3
 Gell's Gravitas          Tloc           #.........   100%        3
 Petrify                  Tmut/Erth      #.......     100%        4
 Metabolic Englaciation   Hex/Ice        #.........   100%        5
 Yara's Violent Unravell  Hex/Tmut       #.........   100%        5


Dungeon Overview and Level Annotations

Branches:
Dungeon (8/15)             Temple (1/1) D:6
   Lair: D:8-11

Altars:
Ashenzari
Cheibriados
Dithmenos
Fedhas
Hepliaklqana
Makhleb
Nemelex Xobeh
Okawaru
Ru
Trog
Uskayaw
Wu Jian
Xom
Zin
The Shining One

Shops:
D:4 (

Annotations:
D:3 3 runed translucent doors, Kinoniko's ghost, amateur OgFi
D:4 2 transporters
D:5 1 runed translucent door, EnegeticOcto's ghost, amateur HaEE


Innate Abilities, Weirdness & Mutations

You reflexively headbutt those who attack you in melee.
You have a pair of horns on your head.


Message History

You slash the electric eel! You headbutt the electric eel.
You kill the electric eel!
Okawaru accepts your kill.
The electric eel shoots out a bolt of lightning at you!
The bolt of electricity hits you!
* * * LOW HITPOINT WARNING * * *
The electric eel shoots out a bolt of lightning at you!
The bolt of electricity hits you!
* * * LOW HITPOINT WARNING * * *
Why would you want to do that?
The electric eel shoots out a bolt of lightning at you!
The bolt of electricity hits you!
* * * LOW HITPOINT WARNING * * *
The bolt of electricity hits you!
* * * LOW HITPOINT WARNING * * *
Okay, then.
You gain the combat prowess of a mighty hero.
The electric eel shoots out a bolt of lightning at you!
The bolt of electricity misses you. The bolt of electricity hits you!
You die...

.⌠.#≈≈ ⌠.#. .# ..#≈≈#
.#.#####.#.
###≈≈≈≈###......... ..
..≈≈≈≈≈≈.........##..
..≈≈≈≈≈ .........##.#
#≈≈≈;###.......##.#
#...#..........
#.⌠.#.......#.# ##
#.@.#.......#.# ..
#≈..≈###........#.#.###
..(.............†÷.......
..(..............##.#....
.........#.....####.# ...
.........#.....# #.# ##
................# #.#
..............#.# #+#
...........#.#


You could see an electric eel.

Vanquished Creatures
  Menkaure (D:7)
  An orc warrior (D:7)
  A black bear (D:8)
  2 ice beasts
  2 sky beasts (D:6)
  A phantom (D:2)
  2 ogres
  6 centaurs
  2 big kobolds (D:7)
  A bullfrog (D:8)
  A gnoll sergeant (D:7)
  5 scorpions
  6 killer bees (D:8)
  2 howler monkeys (D:7)
  An electric eel (D:8)
  A jelly (D:5)
  2 centaur zombies
  A bullfrog zombie (D:5)
  A quasit (D:7)
  6 hounds
  A gnoll shaman (D:5)
  3 orc priests
  2 iguanas
  4 orc wizards
  5 worker ants
  2 hound zombies
  A mummy (D:7)
  2 worker ant zombies (D:6)
  15 gnolls
  12 adders
  A white imp (D:7)
  3 ufetubi
  An ooze (D:3)
  7 worms
  4 dart slugs
  6 leopard geckos
  26 orcs
  15 giant cockroaches
  16 goblins
  18 hobgoblins
  12 jackals
  11 kobolds
  2 quokkas
  15 bats
  3 frilled lizards
  A jackal skeleton (D:5)
  A quokka skeleton (D:6)
  5 rats
  A butterfly (D:3)
240 creatures vanquished.

Vanquished Creatures (others)
  41 plants (D:7)
41 creatures vanquished.

Grand Total: 281 creatures vanquished

Notes
Turn   | Place    | Note
-------+----------+-------------------------------------------
     0 | D:1      | Decritt the Minotaur Fighter began the quest for the Orb.
     0 | D:1      | Reached XP level 1. HP: 19/19 MP: 0/0
   173 | D:1      | Reached XP level 2. HP: 18/27 MP: 1/1
   323 | D:1      | Reached skill level 3 in Axes
   559 | D:1      | Reached XP level 3. HP: 30/33 MP: 2/2
   916 | D:2      | Reached XP level 4. HP: 40/40 MP: 3/3
   919 | D:2      | Found a sparkling altar of Nemelex Xobeh.
  1004 | D:2      | Reached skill level 4 in Axes
  1026 | D:2      | Noticed a phantom
  1060 | D:2      | Killed a phantom
  1060 | D:2      | Reached XP level 5. HP: 29/47 MP: 4/4
  1219 | D:2      | Found a glowing silver altar of Zin.
  1782 | D:3      | Noticed Kinoniko's ghost (amateur OgFi)
  1788 | D:3      | Found a runed translucent gate.
  1788 | D:3      | Found a runed translucent gate.
  1790 | D:3      | Found a runed translucent gate.
  1807 | D:3      | Found a shimmering altar of Xom.
  1875 | D:3      | Noticed a centaur
  2260 | D:4      | Found a transporter.
  2277 | D:3      | Killed a centaur
  2277 | D:3      | Reached skill level 5 in Axes
  2277 | D:3      | Reached skill level 5 in Armour
  2277 | D:3      | Reached XP level 6. HP: 48/55 MP: 5/5
  2280 | D:3      | Reached skill level 5 in Shields
  2645 | D:3      | Reached skill level 5 in Fighting
  3523 | D:4      | Found Heosee's Weapon Emporium.
  3530 | D:4      | Reached skill level 6 in Axes
  3586 | D:4      | Reached XP level 7. HP: 61/61 MP: 6/6
  3799 | D:4      | Found a transporter.
  3815 | D:4      | You fall into a shaft and drop 3 floors!
  3869 | D:7      | Reached skill level 7 in Axes
  3934 | D:7      | Reached XP level 8. HP: 26/70 MP: 7/7
  3979 | D:7      | Noticed Menkaure
  4549 | D:6      | Reached skill level 8 in Axes
  4653 | D:6      | Got a sparkling pewter ring
  4655 | D:6      | Identified the ring "Naock" {rC- Dex+4 SInv Stlth+} (You
                  | found it on level 6 of the Dungeon)
  4825 | D:6      | Found a staircase to the Ecumenical Temple.
  4832 | Temple   | Entered the Ecumenical Temple
  4955 | Temple   | Became a worshipper of Warmaster Okawaru
  5120 | D:5      | Entered Level 5 of the Dungeon
  5666 | D:5      | Found a sparkling altar of Nemelex Xobeh.
  5941 | D:5      | Reached skill level 9 in Axes
  6074 | D:5      | Reached XP level 9. HP: 58/79 MP: 8/8
  6395 | D:5      | Found a runed translucent door.
  6395 | D:5      | Noticed EnegeticOcto's ghost (amateur HaEE)
  7605 | D:7      | Reached * piety under Okawaru
  7842 | D:7      | Killed Menkaure
  8121 | D:7      | Reached skill level 10 in Axes
  8450 | D:7      | Found a shadowy altar of Dithmenos.
  8592 | D:7      | Found a snail-covered altar of Cheibriados.
  9183 | D:8      | Reached ** piety under Okawaru
  9436 | D:8      | HP: 3/82 [electric eel/bolt of electricity (10)]
  9437 | D:8      | Killed from afar by an electric eel

Illustrated notes

Levels and vault maps discovered:
D:1:      giann_forest_graveyard, layout_basic
D:2:      layout_loops_ring, lemuel_doored_altar, old_standard_altar,
          minmay_tromino_v2
D:3:      layout_basic, xom_butterflies, gup_sewer_entry_bowl,
          gammafunk_ghost_split, st_stairs_4, minmay_fountain_box,
          minmay_misc_feat_encased
D:4:      gammafunk_steamed_eel, layout_basic, serial_shops, shop,
          kennysheep_generic_room_6
D:5:      layout_loops_corners, basic_altar, hellmonk_ghost_happy_afterlife
D:6:      layout_loops_ring, minmay_temple_entry_butterflies, centaur_isle
D:7:      kennysheep_housing_project, layout_basic, slow_altar_2,
          kennysheep_little_box, uniq_menkaure
D:8:      layout_basic, serial_shops, shop, fountainhead, disabler_island,
          uniq_gastronok
Temple:   nicolae_temple_figure_eight

Skill      XL: |  1  2  3  4  5  6  7  8  9 |
---------------+----------------------------+-----
Axes           | 3 4 5 6 7 9 10 | 10.8
Shields        | 4 5 6 7 8 |  8.5
Fighting       | 4 5 6 7 8 |  8.4
Armour         | 4 5 6 7 8 |  8.4

Action                   |  1- 3 |  4- 6 |  7- 9 || total
-------------------------+-------+-------+-------++-------
Melee: War axe           |   107 |   150 |   307 ||   564
       Headbutt          |    14 |    18 |    68 ||   100
Throw: Javelin           |       |     9 |    83 ||    92
Invok: Heroism           |       |       |     2 ||     2
  Use: Scroll            |       |     7 |    12 ||    19
       Potion            |       |       |     1 ||     1
Armor: Scale mail        |    46 |     9 |       ||    55
       Chain mail        |       |    59 |    73 ||   132
       Plate armour      |       |       |   106 ||   106
Dodge: Dodged            |    34 |    41 |    89 ||   164
Block: Kite shield       |    51 |    73 |   285 ||   409

Table legend: (Time is in decaauts)
 A = Elapsed time spent in this place.
 B = Non-inter-level travel time spent in this place.
 C = Inter-level travel time spent in this place.
 D = Time resting spent in this place.
 E = Time spent auto-exploring this place.
 F = Levels seen in this place.
 G = Mean time per level.
                   A        B        C        D        E       F      G
               +--------+--------+--------+--------+--------+-----+--------+
         Total |   9625 |   9438 |    187 |    774 |   6805 |   9 | 1069.4 |
       Dungeon |   9459 |   9304 |    155 |    774 |   6678 |   8 | 1182.4 |
        Temple |    165 |    133 |     32 |      0 |    127 |   1 |  165.0 |
               +--------+--------+--------+--------+--------+-----+--------+

Top non-repeatable levels by time:
     D:6: 2165 daAuts
     D:7: 1632 daAuts
     D:3: 1288 daAuts
     D:5: 1236 daAuts
     D:4: 1036 daAuts
     D:2: 951 daAuts
     D:1: 856 daAuts
     D:8: 292 daAuts
  Temple: 165 daAuts
